 Dungeon Crawl Stone Soup version 0.30-a0-737-gf23d94013f (webtiles) character file.

Game seed: 8104183725598719190

133 dialectric the Covered (level 5, -1/33 HPs)
             Began as a Gargoyle Fighter on Feb 2, 2023.
             Was an Initiate of Trog.
             Slain by a gnoll
             ... wielding a +0 spear
             ... led by a gnoll bouda
              (4 damage)
             ... on level 5 of the Dungeon.
             The game lasted 00:04:21 (2074 turns).

dialectric the Covered (Gargoyle Fighter)           Turns: 2074, Time: 00:04:22

Health: -1/33      AC: 12    Str: 21    XL:     5   Next: 16%
Magic:  5/5        EV: 10    Int:  9    God:    Trog [......]
Gold:   99         SH:  0    Dex:  9    Spells: 4/4 levels left

rFire   . . .      SeeInvis .    a - +0 long sword
rCold   . . .      Faith    .    (no shield)
rNeg    + . .      Spirit   .    b - +0 scale mail
rPois   ∞          Reflect  .    (no helmet)
rElec   +          Harm     .    (no cloak)
rCorr   .          Rampage  .    (no gloves)
Will    .....                    j - +0 pair of boots Stlth
                                 (no amulet)
HPRegen 0.25/turn                (no ring)
MPRegen 0.09/turn                (no ring)

@: mighty, weakened, flying
A: sickness immunity, AC +4, negative energy resistance 1, electricity
resistance, torment resistance 1, petrification resistance
a: Renounce Religion


You were on level 5 of the Dungeon.
You worshipped Trog.
Trog was noncommittal.
You visited 2 branches of the dungeon, and saw 5 of its levels.

You collected 99 gold pieces.

Inventory:

Hand Weapons
 a - a +0 long sword (weapon)
Armour
 b - a +0 scale mail (worn)
 c - a +0 buckler
 j - a +0 pair of boots (worn)
Jewellery
 e - a +6 ring of intelligence
Wands
 p - a wand of paralysis (9)
Scrolls
 f - a scroll of enchant weapon {unknown}
 h - 3 scrolls of identify {unknown}
 i - 3 scrolls of fog {unknown}
 o - 2 scrolls of poison {unknown}
Potions
 g - a potion of haste {unknown}
 k - a potion of flight
 l - a potion of attraction {unknown}
 m - a potion of degeneration {unknown}
 n - a potion of lignification {unknown}


   Skills:
 + Level 3.9 Fighting
 + Level 3.3 Long Blades
 - Level 4.0 Armour
 * Level 1.2 Dodging
 + Level 3.5 Shields


You had 4 spell levels left.
You didn't know any spells.
Your spell library contained the following spells:

 Spells                   Type           Power      Damage    Failure   Level
 Iskenderun's Battlesphe  Conj           0%         2d6       100%        5
 Iron Shot                Conj/Erth      0%         9d1       100%        6
 Spellforged Servitor     Conj/Summ      0%         N/A       100%        7


Dungeon Overview and Level Annotations

Branches:
Dungeon (5/15)             Temple (1/1) D:5

Altars:
Cheibriados
Fedhas
Gozag
Hepliaklqana
Kikubaaqudgha
Makhleb
Qazlal
Sif Muna
Trog
Wu Jian
Xom
Yredelemnul
Zin

Shops:
D:2 (


Innate Abilities, Weirdness & Mutations

You are immune to sickness and miasma.
Your stone body is resilient. (AC +4)
You are immune to poison.
You resist negative energy. (rN+)
You are resistant to electric shocks. (rElec)
You are resistant to unholy torment.
You are immune to petrification.


Message History

The gnoll bouda shouts!
The gnoll shouts! x2
The gnoll moves out of view.
The gnoll bouda barks out a call to the hunt!
The gnolls pick up the pace!
The gnoll hits you from afar with a +0 spear.
There are monsters nearby!
The gnoll closely misses you.
You barely miss the gnoll. The gnoll hits you but does no damage.
The gnoll bouda barks out a call to the hunt!
The gnoll picks up the pace!
You hit the gnoll.
The gnoll is heavily wounded.
The gnoll hits you with a +0 spear. The gnoll closely misses you.
You hit the gnoll.
The gnoll is heavily wounded.
The gnoll bouda gazes fiercely through you!
You feel your attacks grow feeble.
It was a potion of flight.
You feel very buoyant.
You fly up into the air.
The gnoll closely misses you.
You feel very mighty all of a sudden.
The gnoll hits you from afar with a +0 spear.
The gnoll bouda hits you with a +0 whip.
You closely miss the gnoll bouda. The gnoll completely misses you.
The gnoll bouda barely misses you.
You hit the gnoll bouda.
The gnoll bouda is moderately wounded.
The gnoll hits you from afar with a +0 spear.
The gnoll bouda hits you with a +0 whip.
The gnoll completely misses you.
You closely miss the gnoll bouda. You punch the gnoll bouda.
The gnoll bouda is severely wounded.
The gnoll bouda hits you with a +0 whip.
The gnoll hits you but does no damage.
The gnoll bouda hits you with a +0 whip!
* * * LOW HITPOINT WARNING * * *
You closely miss the gnoll bouda.
The gnoll bouda is severely wounded.
The gnoll hits you from afar with a +0 spear.
You die...

#.######## #.#
#.# #.# #########
#.#
........#######.#
#............#
#.##.#########
#@# #g#


gg. #.### #. .# # You could see a gnoll bouda and 2 gnolls.

Vanquished Creatures
  Jessica (D:3)
  Natasha (D:2)
  3 adders
  2 dart slugs
  4 ball pythons
  8 bats
  2 endoplasms
  4 giant cockroaches
  5 goblins
  5 hobgoblins
  3 jackals (D:1)
  A quokka (D:1)
  3 frilled lizards
  A kobold (D:2)
  5 rats
48 creatures vanquished.

Notes
Turn   | Place    | Note
-------+----------+-------------------------------------------
     0 | D:1      | dialectric the Gargoyle Fighter began the quest for the
                  | Orb.
     0 | D:1      | Reached XP level 1. HP: 14/14 MP: 1/1
   107 | D:1      | Reached XP level 2. HP: 18/19 MP: 2/2
   334 | D:1      | Reached XP level 3. HP: 23/23 MP: 3/3
  1038 | D:2      | Reached skill level 4 in Armour
  1119 | D:2      | Found Rets's Weapon Shoppe.
  1501 | D:2      | Noticed Natasha
  1512 | D:2      | Killed Natasha
  1513 | D:2      | Reached XP level 4. HP: 21/29 MP: 4/4
  1816 | D:3      | Noticed Jessica
  1822 | D:3      | Reached skill level 1 in Dodging
  1833 | D:3      | Killed Jessica
  1834 | D:3      | Reached XP level 5. HP: 29/33 MP: 5/5
  1993 | D:3      | You fall into a shaft and drop 2 floors!
  1993 | D:5      | Entered Level 5 of the Dungeon
  1993 | D:5      | Found a staircase to the Ecumenical Temple.
  1998 | Temple   | Entered the Ecumenical Temple
  2023 | Temple   | Became a worshipper of Trog the Wrathful
  2074 | D:5      | Slain by a gnoll

Illustrated notes

Levels and vault maps discovered:
D:1:      minmay_arrival_doors, layout_loops_ring,
          corexii_item_surrounded_by_moat
D:2:      layout_basic, serial_shops, nicolae_diamond_shop, hex_intersection,
          st_stairs_14, minmay_misc_feat_enclosed, uniq_natasha
D:3:      layout_rooms, evilmike_ruin_ashenzari, uniq_jessica
D:5:      layout_loops_ring, nicolae_overflow_hidden_temple,
          minmay_temple_entry_drinking_statues, uniq_prince_ribbit1,
          uniq_sigmund, uniq_ijyb, uniq_edmund
Temple:   nicolae_temple_ecumenical_triangle

Skill      XL: |  1  2  3  4 |
---------------+-------------+-----
Long Blades    | 2 3 |  3.3
Armour         | 4 |  4.0
Dodging        | 1 |  1.2
Fighting       | |  3.9
Shields        | |  3.5

Action                     |  1- 3 |  4- 6 || total
---------------------------+-------+-------++-------
  Melee: Long sword        |   102 |    75 ||   177
         Punch             |     1 |     1 ||     2
    Use: Potion            |       |     2 ||     2
 Armour: Scale mail        |    69 |    51 ||   120
  Dodge: Dodged            |    52 |    65 ||   117

Table legend: (Time is in decaauts)
 A = Elapsed time spent in this place.
 B = Non-inter-level travel time spent in this place.
 C = Inter-level travel time spent in this place.
 D = Time resting spent in this place.
 E = Time spent auto-exploring this place.
 F = Levels seen in this place.
 G = Mean time per level.
                   A        B        C        D        E       F      G
               +--------+--------+--------+--------+--------+-----+--------+
         Total |   2127 |   1926 |    201 |      0 |   1479 |   5 |  425.4 |
       Dungeon |   2093 |   1900 |    193 |      0 |   1479 |   4 |  523.2 |
        Temple |     34 |     26 |      8 |      0 |      0 |   1 |   34.0 |
               +--------+--------+--------+--------+--------+-----+--------+

Top non-repeatable levels by time:
     D:2: 947 daAuts
     D:1: 709 daAuts
     D:3: 388 daAuts
     D:5: 47 daAuts
  Temple: 34 daAuts
